% Time on Ice - PHOENIX MUSTANGS
Lines # - Real PCT - Wanted PCT - Time Play
Normal Forward
1 - 33% - 34% - 16:40
2 - 31% - 33% - 15:31
3 - 23% - 25% - 11:36
4 - 13% - 8% - 6:24
Normal Defense
1 - 37% - 37% - 18:35
2 - 32% - 35% - 16:09
3 - 27% - 28% - 13:43
4 - 3% - 0% - 1:44
PP Forward
1 - 54% - 60% - 2:52
2 - 46% - 40% - 2:26
PP Defense
1 - 57% - 60% - 3:02
2 - 43% - 40% - 2:16
PK Forward
1 - 79% - 60% - 3:18
2 - 21% - 40% - 0:52
PK Defense
1 - 75% - 55% - 3:08
2 - 25% - 45% - 1:02
PK3 Forward
1 - 0% - 60%
2 - 0% - 40%
PK3 Defense
1 - 0% - 50%
2 - 0% - 50%
44 Forward
1 - 0% - 50%
2 - 0% - 50%
44 Defense
1 - 0% - 50%
2 - 0% - 50%
Last Minute Offensive  - 0:00
Last Minute Defensive  - 0:21
Total
Forward - 60:00
Defense - 60:00
% Time on Ice - LAS VEGAS LIZARD KINGS
Lines # - Real PCT - Wanted PCT - Time Play
Normal Forward
1 - 37% - 37% - 18:29
2 - 30% - 30% - 15:00
3 - 22% - 23% - 11:06
4 - 12% - 10% - 5:57
Normal Defense
1 - 40% - 45% - 20:08
2 - 30% - 35% - 15:18
3 - 30% - 20% - 15:06
4 - 0% - 0% - 0:00
PP Forward
1 - 52% - 65% - 2:09
2 - 48% - 35% - 2:01
PP Defense
1 - 64% - 55% - 2:40
2 - 36% - 45% - 1:30
PK Forward
1 - 63% - 55% - 3:19
2 - 37% - 45% - 1:59
PK Defense
1 - 52% - 60% - 2:46
2 - 48% - 40% - 2:32
PK3 Forward
1 - 0% - 55%
2 - 0% - 45%
PK3 Defense
1 - 0% - 55%
2 - 0% - 45%
44 Forward
1 - 0% - 55%
2 - 0% - 45%
44 Defense
1 - 0% - 55%
2 - 0% - 45%
Last Minute Offensive  - 0:00
Last Minute Defensive  - 0:00
Total
Forward - 60:00
Defense - 60:00
Play-by-Play 1st period 0:01 of 1st period - Ryan Nugent-Hopkins wins face-off versus Jonathan Miller in neutral zone. 0:06 of 1st period - Erik Karlsson is hit by Johnny Gaudreau and loses puck. 0:13 of 1st period - Shot by Ryan Nugent-Hopkins. 0:13 of 1st period - Shot Misses the Net. 0:15 of 1st period - Shot by Ryan Nugent-Hopkins. 0:15 of 1st period - Shot Blocked by Erik Karlsson. 2:08 of 1st period - Icing by Joel Edmundson. 2:09 of 1st period - Victor Olofsson wins face-off versus Nic Dowd in PHOENIX MUSTANGS zone. 2:09 of 1st period - Vladislav Namestnikov is hit by Joel Edmundson and loses puck. 2:16 of 1st period - Shot by Juuso Parssinen. 2:16 of 1st period - Shot Misses the Net. 2:18 of 1st period - Shot by Joel Edmundson. 2:18 of 1st period - Shot Misses the Net. 2:28 of 1st period - Shot by Juuso Parssinen. 2:28 of 1st period - Stopped by Sergei Bobrovsky without a rebound. 2:29 of 1st period - Jordan Greenway wins face-off versus Alex Barre-Boulet in LAS VEGAS LIZARD KINGS zone. 3:59 of 1st period - Shot by Victor Olofsson. 3:59 of 1st period - Shot Blocked by Jeff Petry. 4:35 of 1st period - Shot by Jordan Eberle. 4:35 of 1st period - Stopped by Sergei Bobrovsky without a rebound. 4:36 of 1st period - Nic Dowd wins face-off versus Jeff Carter in LAS VEGAS LIZARD KINGS zone. 4:36 of 1st period - Nic Dowd is hit by Brayden McNabb. 4:38 of 1st period - Shot by Erik Karlsson. 4:38 of 1st period - Stopped by Sergei Bobrovsky without a rebound. 4:39 of 1st period - Jeff Carter wins face-off versus Nic Dowd in LAS VEGAS LIZARD KINGS zone. 6:03 of 1st period - Shot by Joe Pavelski. 6:03 of 1st period - Goal by Joe Pavelski - PHOENIX MUSTANGS : 0 - LAS VEGAS LIZARD KINGS : 1. 6:04 of 1st period - Ty Dellandrea wins face-off versus Jonathan Miller in neutral zone. 6:09 of 1st period - Shot by Victor Olofsson. 6:09 of 1st period - Shot Misses the Net. 6:11 of 1st period - Shot by Vladislav Namestnikov. 6:11 of 1st period - Stopped by Petr Mrazek without a rebound. 6:12 of 1st period - Ty Dellandrea wins face-off versus Andrew Copp in PHOENIX MUSTANGS zone. 7:16 of 1st period - Off-side. 7:17 of 1st period - Alex Barre-Boulet wins face-off versus Ryan Nugent-Hopkins in neutral zone. 7:22 of 1st period - Shot by Joel Armia. 7:22 of 1st period - Shot Misses the Net. 7:28 of 1st period - Shot by Tyson Jost. 7:28 of 1st period - Shot Misses the Net. 7:30 of 1st period - Shot by Tyson Jost. 7:30 of 1st period - Stopped by Sergei Bobrovsky without a rebound. 7:31 of 1st period - Jeff Carter wins face-off versus Jonathan Miller in LAS VEGAS LIZARD KINGS zone. 8:21 of 1st period - Brandon Hagel is hit by Jordan Eberle and loses puck. 8:55 of 1st period - Icing by Jeff Petry. 8:56 of 1st period - Andrew Copp wins face-off versus Ryan Nugent-Hopkins in PHOENIX MUSTANGS zone. 8:58 of 1st period - Icing by Jordan Eberle. 8:59 of 1st period - Andrew Copp wins face-off versus Johnny Gaudreau in PHOENIX MUSTANGS zone. 8:59 of 1st period - Andrew Copp is hit by Joe Pavelski. 9:02 of 1st period - Icing by Jordan Eberle. 9:03 of 1st period - Andrew Copp wins face-off versus Ryan Nugent-Hopkins in PHOENIX MUSTANGS zone. 9:25 of 1st period - Ryan Nugent-Hopkins is hit by Jeff Petry and loses puck. 9:36 of 1st period - Jordan Eberle is hit by Johnny Gaudreau and loses puck. 9:59 of 1st period - Shot by Victor Olofsson. 9:59 of 1st period - Deflect By Vladislav Namestnikov. 9:59 of 1st period - Stopped by Petr Mrazek without a rebound. 10:00 of 1st period - Ty Dellandrea wins face-off versus Nic Dowd in PHOENIX MUSTANGS zone. 10:16 of 1st period - Icing by Nic Dowd. 10:17 of 1st period - Jordan Martinook wins face-off versus Evan Rodrigues in PHOENIX MUSTANGS zone. 10:36 of 1st period - Brandon Hagel is hit by Radko Gudas and loses puck. 10:47 of 1st period - Jacob Bryson is hit by Nic Dowd and loses puck. 11:09 of 1st period - Off-side. 11:10 of 1st period - Alex Barre-Boulet wins face-off versus Ryan Nugent-Hopkins in neutral zone. 11:23 of 1st period - Shot by Tyson Jost. 11:23 of 1st period - Shot Misses the Net. 11:25 of 1st period - Shot by Ilya Lyubushkin. 11:25 of 1st period - Stopped by Sergei Bobrovsky with a rebound. 11:27 of 1st period - Shot by Joel Edmundson. 11:27 of 1st period - Stopped by Sergei Bobrovsky without a rebound. 11:28 of 1st period - Jonathan Miller wins face-off versus Ty Dellandrea in LAS VEGAS LIZARD KINGS zone. 13:11 of 1st period - Ilya Lyubushkin is hit by Joe Pavelski and loses puck. 13:36 of 1st period - Shot by Evan Rodrigues. 13:36 of 1st period - Stopped by Petr Mrazek without a rebound. 13:37 of 1st period - Luke Glendening wins face-off versus Alex Barre-Boulet in PHOENIX MUSTANGS zone. 13:37 of 1st period - Zemgus Girgensons is hit by Jeff Petry and loses puck. 13:48 of 1st period - Shot by Jordan Greenway. 13:48 of 1st period - Stopped by Petr Mrazek without a rebound. 13:49 of 1st period - Jeff Carter wins face-off versus Jesper Fast in PHOENIX MUSTANGS zone. 13:50 of 1st period - Shot by Brandon Hagel. 13:50 of 1st period - Stopped by Petr Mrazek without a rebound. 13:51 of 1st period - Jonathan Miller wins face-off versus Ryan Nugent-Hopkins in PHOENIX MUSTANGS zone. 14:14 of 1st period - Shot by Johnny Gaudreau. 14:14 of 1st period - Shot Blocked by Erik Karlsson. 14:30 of 1st period - Shot by Joe Pavelski. 14:30 of 1st period - Shot Blocked by Erik Karlsson. 14:32 of 1st period - Shot by Ryan Nugent-Hopkins. 14:32 of 1st period - Stopped by Petr Mrazek with a rebound. 14:34 of 1st period - Shot by Johnny Gaudreau. 14:34 of 1st period - Stopped by Petr Mrazek without a rebound. 14:35 of 1st period - Jeff Carter wins face-off versus Andrew Copp in PHOENIX MUSTANGS zone. 15:05 of 1st period - Ilya Lyubushkin is hit by Jeff Carter and loses puck. 15:25 of 1st period - Icing by Ilya Lyubushkin. 15:26 of 1st period - Ryan Nugent-Hopkins wins face-off versus Andrew Copp in PHOENIX MUSTANGS zone. 15:29 of 1st period - Shot by Johnny Gaudreau. 15:29 of 1st period - Shot Misses the Net. 15:41 of 1st period - Shot by Johnny Gaudreau. 15:41 of 1st period - Stopped by Petr Mrazek without a rebound. 15:42 of 1st period - Zemgus Girgensons wins face-off versus Jonathan Miller in PHOENIX MUSTANGS zone. 15:42 of 1st period - Zemgus Girgensons is hit by Radko Gudas. 15:55 of 1st period - Icing by Radko Gudas. 15:56 of 1st period - Jonathan Miller wins face-off versus Ryan Nugent-Hopkins in PHOENIX MUSTANGS zone. 15:56 of 1st period - Jonathan Miller is hit by Ryan Nugent-Hopkins. 17:53 of 1st period - Shot by Jeff Carter. 17:53 of 1st period - Shot Misses the Net. 18:28 of 1st period - Icing by Radko Gudas. 18:29 of 1st period - Alex Barre-Boulet wins face-off versus Ty Dellandrea in PHOENIX MUSTANGS zone. 18:29 of 1st period - Erik Karlsson is hit by Ty Dellandrea and loses puck. 18:35 of 1st period - Joel Armia is hit by Trevor Carrick and loses puck. 18:44 of 1st period - Shot by Tyson Jost. 18:44 of 1st period - Goal by Tyson Jost - PHOENIX MUSTANGS : 1 - LAS VEGAS LIZARD KINGS : 1. 18:45 of 1st period - Jonathan Miller wins face-off versus Luke Glendening in neutral zone. 19:16 of 1st period - Jeff Petry is hit by Jordan Greenway. 19:49 of 1st period - Shot by Nic Dowd. 19:49 of 1st period - Shot Blocked by Trevor Carrick. 19:51 of 1st period - Shot by Radko Gudas. 19:51 of 1st period - Stopped by Sergei Bobrovsky without a rebound. 19:52 of 1st period - Andrew Copp wins face-off versus Ty Dellandrea in LAS VEGAS LIZARD KINGS zone. 19:52 of 1st period - Andrew Copp is hit by Patrik Nemeth. 19:56 of 1st period - Shot by Alex Killorn. 19:56 of 1st period - Stopped by Sergei Bobrovsky without a rebound. 19:57 of 1st period - Nic Dowd wins face-off versus Ty Dellandrea in LAS VEGAS LIZARD KINGS zone. 19:57 of 1st period - Erik Karlsson is hit by Jalen Chatfield and loses puck. Goals for this period are 1 for PHOENIX MUSTANGS vs 1 for LAS VEGAS LIZARD KINGS. Shots for this period are 9 for PHOENIX MUSTANGS vs 9 for LAS VEGAS LIZARD KINGS. 2nd period 0:01 of 2nd period - Jonathan Miller wins face-off versus Ty Dellandrea in neutral zone. 0:20 of 2nd period - Vladislav Namestnikov is hit by Radko Gudas and loses puck. 0:26 of 2nd period - Minor Penalty to Radko Gudas for Tripping. 0:27 of 2nd period - Andrew Copp wins face-off versus Ryan Nugent-Hopkins in PHOENIX MUSTANGS zone. 0:27 of 2nd period - Andrew Copp is hit by Joe Pavelski. 0:36 of 2nd period - Joe Pavelski is hit by Jeff Petry and loses puck. 0:56 of 2nd period - Ryan Nugent-Hopkins is hit by Jeff Petry and loses puck. 1:05 of 2nd period - Shot by Joe Pavelski. 1:05 of 2nd period - Stopped by Petr Mrazek without a rebound. 1:06 of 2nd period - Andrew Copp wins face-off versus Jeff Carter in PHOENIX MUSTANGS zone. 1:21 of 2nd period - Shot by Brandon Hagel. 1:21 of 2nd period - Stopped by Petr Mrazek with a rebound. 1:47 of 2nd period - Shot by Brandon Hagel. 1:47 of 2nd period - Stopped by Petr Mrazek with a rebound. 2:17 of 2nd period - Shot by Johnny Gaudreau. 2:17 of 2nd period - Shot Misses the Net. 2:49 of 2nd period - Shot by Jonathan Miller. 2:49 of 2nd period - Deflect By Jesper Fast. 2:49 of 2nd period - Stopped by Sergei Bobrovsky without a rebound. 2:50 of 2nd period - Alex Barre-Boulet wins face-off versus Ty Dellandrea in LAS VEGAS LIZARD KINGS zone. 3:05 of 2nd period - Shot by Alex Barre-Boulet. 3:05 of 2nd period - Stopped by Sergei Bobrovsky without a rebound. 3:06 of 2nd period - Andrew Copp wins face-off versus Ryan Nugent-Hopkins in LAS VEGAS LIZARD KINGS zone. 3:20 of 2nd period - Alex Killorn is hit by Trevor Carrick and loses puck. 3:33 of 2nd period - Shot by Alex Killorn. 3:33 of 2nd period - Goal by Alex Killorn - PHOENIX MUSTANGS : 2 - LAS VEGAS LIZARD KINGS : 1.